 Dungeon Crawl Stone Soup version 0.28.0 (webtiles) character file.

Game seed: 7871094626852071027

96 croobank the Magician (level 4, 0/34 HPs)
             Began as a Djinni Warper on Feb 6, 2022.
             Killed by nerve-wracking pain
             ... invoked by Jessica
              (9 damage)
             ... on level 3 of the Dungeon.
             The game lasted 00:09:03 (3073 turns).

croobank the Magician (Djinni Warper)               Turns: 3073, Time: 00:09:04

Health: 0/34       AC:  3    Str: 10    XL:     4   Next: 98%
Gold:   100        EV: 12    Int: 17    God:
                   SH:  0    Dex: 12

rFire   + + .      SeeInvis .   a - +0 falchion
rCold   x . .      Faith    .   (no shield)
rNeg    . . .      Spirit   .   h - +0 leather armour
rPois   ∞          Reflect  .   (helmet currently unavailable)
rElec   .          Harm     .   (no cloak)
rCorr   .          Rampage  .   (no gloves)
Will    .....                   (boots unavailable)
Stlth   +.........              (no amulet)
HPRegen 0.11/turn               (no ring)
MPRegen 0.00/turn               (no ring)

@: appendages (expiring), flying, invisible
A: horns 2, flying, sickness immunity, fire resistance 2, cold vulnerability 1,
float, innate caster, HP casting, extra vitality 1
a: End Transformation


You were on level 3 of the Dungeon.
You had temporarily grown beastly horns.
You visited 1 branch of the dungeon, and saw 3 of its levels.

You collected 100 gold pieces.

Inventory:

Hand Weapons
 a - a +0 falchion (weapon)
 b - a +0 hunting sling
 g - a +1 mace of draining
Missiles
 d - 5 boomerangs of dispersal (quivered)
 k - 54 stones
 n - 25 arrows
 r - 2 poisoned darts
Armour
 f - a +0 plate armour
 h - a +0 leather armour (worn)
 j - a +0 ring mail
Wands
 l - a wand of digging (2)
Scrolls
 c - a scroll of blinking
 e - a scroll of magic mapping
 o - a scroll of teleportation {unknown}
 p - a scroll of enchant armour {unknown}
 q - a scroll of holy word {unknown}
Potions
 i - 2 potions of curing


   Skills:
 + Level 2.4 Fighting
 + Level 2.8 Long Blades
 + Level 0.7 Throwing
 + Level 2.2 Armour
 + Level 2.6 Dodging
 + Level 2.8 Spellcasting


You couldn't memorise any spells.
You knew the following spells:

 Your Spells              Type           Power      Damage    Failure   Level
a - Blink                 Tloc           24%        N/A       11%         2
b - Lesser Beckoning      Tloc           12%        N/A       22%         3
c - Gell's Gravitas       Tloc           12%        N/A       22%         3
d - Teleport Other        Tloc           12%        N/A       22%         3
e - Manifold Assault      Tloc           12%        N/A       90%         5
f - Beastly Appendage     Tmut           24%        N/A       8%          1
Your spell library was empty.

Dungeon Overview and Level Annotations

Branches:
Dungeon (3/15)

Altars:
Trog

Shops:
D:3 *

Annotations:
D:3 Jessica


Innate Abilities, Weirdness & Mutations

You have temporarily grown beastly horns.
You are flying.
You are immune to sickness and miasma.
You are immune to poison.
Your flesh is very heat resistant. (rF++)
You are vulnerable to cold. (rC-)
You float through the air rather than walking.
You learn spells naturally, not from books.
Your magical power is your life essence.
You have superior vitality. (+4 MHP)


Message History

You reach down and open the door.
There is an open door here.
Jessica the Apprentice Sorceress comes into view.
She is wielding a +0 dagger.
There is an open door here.
Casting: Beastly Appendage (safe; 8% risk of failure)
Confirm with . or Enter, or press ? or * to list all spells.
You grow a pair of large bovine horns.
There is an open door here.
Jessica drinks a potion.
Jessica seems to grow stronger.
You barely miss Jessica. Jessica closely misses you.
Jessica hits you with a +0 dagger.
You barely miss Jessica. You headbutt Jessica.
Jessica is moderately wounded.
Jessica grins evilly.
Jessica points at you and mumbles some strange words.
Pain shoots through your body!
You hit Jessica but do no damage. You headbutt Jessica.
Jessica is severely wounded.
Jessica hits you with a +0 dagger.
You barely miss Jessica. You headbutt Jessica, but do no damage.
Jessica is severely wounded.
Jessica hits you with a +0 dagger.
You hit Jessica.
Jessica is severely wounded.
Jessica shouts, "Stop bothering me, or I'll kill you!"
Jessica hits you with a +0 dagger!
* * * LOW HITPOINT WARNING * * *
Casting: Beastly Appendage (safe; 8% risk of failure)
Confirm with . or Enter, or press ? or * to list all spells.
You blink.
* * * LOW HITPOINT WARNING * * *
You feel better.
It was a potion of invisibility.
You fade into invisibility!
Jessica gestures wildly while chanting.
Jessica blinks!
Your transformation is almost over.
You feel stable enough to blink again.
Jessica points at you and mumbles some strange words.
Pain shoots through your body!
You die...

#**,,,*##........##...........#*
# *,,,##........∩.†.####)####..#
# *,,,+...........###......##*,*
###,,,##.........##.........##,*
..+,,,+.........##...........#,*
###,,,#.###.....#.......)....#,*
# ****#.# #....##...≈≈≈≈≈....+,*
# #.# #..###....≈....♣...#**
#######'###....#@...≈.♣.≈....#
'........[##...#@..♣....≈....#
####.#.........'....≈≈≈≈≈...## #
#.#.....#...#............# #
###.........#...........## ***
#..<......##.........##
,,***#...#......##......###
*,,,,+....#....#.###'#####
***,*#....###.##.........#


You could see Jessica (strong).

Vanquished Creatures
  3 adders (D:2)
  2 dart slugs
  An orc (D:3)
  7 endoplasms
  4 giant cockroaches
  7 goblins
  5 hobgoblins
  3 jackals (D:1)
  4 kobolds
  3 quokkas
  7 ball pythons
  7 bats
  A frilled lizard (D:3)
  2 rats
56 creatures vanquished.

Notes
Turn   | Place    | Note
-------+----------+-------------------------------------------
     0 | D:1      | croobank the Djinni Warper began the quest for the Orb.
     0 | D:1      | Reached XP level 1. HP: 18/18 MP: 0/0
   172 | D:1      | Reached XP level 2. HP: 21/23 MP: 0/0
   518 | D:1      | Reached XP level 3. HP: 17/28 MP: 0/0
   518 | D:1      | Learned a level 1 spell: Beastly Appendage
  1818 | D:2      | Reached XP level 4. HP: 11/33 MP: 0/0
  2013 | D:2      | Found a bloodstained altar of Trog.
  2935 | D:3      | Found Ymopiru Icul's Assorted Antiques.
  3052 | D:3      | Noticed Jessica
  3073 | D:3      | Killed from afar by Jessica

Illustrated notes

Levels and vault maps discovered:
D:1:      matt_arrival_los_fun, layout_basic, nicolae_figureground_sparkle
D:2:      layout_basic, basic_altar
D:3:      layout_basic, serial_shops, shop, shop_statue,
          nicolae_shop_hallway_plus, nicolae_lakefront_shop,
          minmay_misc_feat_cross, kennysheep_potato, uniq_robin, uniq_jessica

Skill      XL: |  1  2  3  4 |
---------------+-------------+-----
Long Blades    | 2 |  2.8
Armour         | 2 |  2.2
Fighting       | |  2.4
Throwing       | |  0.7
Dodging        | |  2.6
Spellcasting   | |  2.8

Action                   |  1- 3 |  4- 6 || total
-------------------------+-------+-------++-------
Melee: Falchion          |   109 |    83 ||   192
       Punch             |     4 |       ||     4
       Headbutt          |     2 |    10 ||    12
 Cast: Beastly Appendage |     1 |    15 ||    16
       Blink             |       |     2 ||     2
  Use: Scroll            |       |     3 ||     3
       Potion            |       |     2 ||     2
Armor: Leather armour    |    38 |    38 ||    76
Dodge: Dodged            |    91 |    90 ||   181
